 Dungeon Crawl Stone Soup version 0.24.0-35-gdb84b6a5db (webtiles) character file.

Game seed: 8125583143417588705, levelgen mode: deterministic

38309 grindst0ne the Carver (level 13, 0/111 HPs)
             Began as a Vampire Gladiator on Nov 20, 2019.
             Was the Champion of Ru.
             Slain by a seven-headed hydra (2 damage)
             ... while petrified by a basilisk
             ... on level 6 of the Lair of Beasts.
             The game lasted 00:48:36 (17391 turns).

grindst0ne the Carver (Vampire Gladiator)          Turns: 17391, Time: 00:48:37

Health: 0/111      AC: 19    Str: 17    XL:     13   Next: 63%
Magic:  13/13      EV:  2    Int: 15    God:    Ru [******]
Gold:   1035       SH:  0    Dex: 17    Spells: 12/12 levels left

rFire    x . .     SeeInvis +   z - +0 great sword
rCold    x . .     Gourm    .   (shield currently unavailable)
rNeg     + + +     Faith    .   i - +2 chain mail {MR+}
rPois    ∞         Spirit   .   M - +2 helmet
rElec    .         Reflect  .   B - +0 cloak
rCorr    .         Harm     .   (no gloves)
MR       ++...                  C - +0 pair of boots
Stlth    ..........             q - amulet of magic regeneration
HPRegen  0.48/turn              k - +5 ring of intelligence
MPRegen  0.38/turn              t - +1 ring of evasion

@: exhausted, petrified, regenerating quickly, drained
A: no food, fangs 3, slimy green scales 1, see invisible, shaggy fur 1,
unbreathing, inability to use devices, inexperienced 1, temperature sensitive
a: Exsanguinate, Draw Out Power, Power Leap, Apocalypse, Renounce Religion


You were on level 6 of the Lair of Beasts.
You worshipped Ru.
Ru was exalted by your worship.
You were alive.

You visited 2 branches of the dungeon, and saw 17 of its levels.
You also visited: Sewer.

You collected 1035 gold pieces.

Inventory:

Hand Weapons
 z - a +0 great sword (weapon)
 G - a +2 dagger of venom
Missiles
 d - 5 throwing nets (quivered)
Armour
 i - a +2 chain mail of magic resistance (worn)
 o - a +0 shield
 u - a scarf of spirit shield
 B - a +0 cloak (worn)
 C - a +0 pair of boots (worn)
 M - a +2 helmet (worn)
 O - the +8 orange crystal plate armour {Archmagi, Int+3 Clar}
   (You found it on level 3 of the Lair of Beasts)

   It affects your intelligence (+3).
   It protects you against confusion.
Jewellery
 k - a +5 ring of intelligence (left hand)
 n - an uncursed ring of positive energy
 q - an amulet of magic regeneration (around neck)
 t - a +1 ring of evasion (right hand)
 E - an uncursed ring of protection from magic
 F - an uncursed ring of wizardry
 N - an uncursed ring of magical power
Scrolls
 b - 4 scrolls of amnesia
 c - a scroll of torment
 e - 7 scrolls of teleportation
 h - 4 scrolls of enchant armour
 j - 7 scrolls of remove curse
 l - 3 scrolls of immolation
 m - 7 scrolls of enchant weapon
 y - a scroll of silence {unknown}
 A - 2 scrolls of magic mapping
 H - 3 scrolls of fog
 J - a scroll of blinking
 L - a scroll of vulnerability {unknown}
 P - a scroll of summoning
Potions
 f - 4 potions of brilliance
 g - a potion of resistance {unknown}
 p - 2 potions of curing
 r - 4 potions of heal wounds
 s - a potion of flight
 v - 3 potions of agility
 w - 3 potions of might
 D - a potion of haste
 I - a potion of mutation


   Skills:
 + Level 13.2(11.8) Fighting
 + Level 14.3(13.0) Long Blades
 - Level 1.5(0.6) Throwing
 * Level 3.7(2.6) Armour
 + Level 13.1(11.8) Dodging


You had 12 spell levels left.
You didn't know any spells.
Your spell library contained the following spells:

 Spells                   Type           Power        Failure   Level  Hunger
 Animate Skeleton         Necr           N/A          99%         1    N/A
 Apportation              Tloc           #.....       99%         1    N/A
 Confusing Touch          Hex            #.....       99%         1    N/A
 Magic Dart               Conj           #...         99%         1    N/A
 Summon Small Mammal      Summ           #...         99%         1    N/A
 Searing Ray              Conj           #.....       99%         2    N/A
 Dazzling Spray           Conj/Hex       #.....       100%        3    N/A
 Force Lance              Conj/Tloc      #.......     100%        4    N/A
 Fulminant Prism          Conj/Hex       #.........   100%        4    N/A
 Iskenderun's Mystic Bla  Conj           #.......     100%        4    N/A

Dungeon Overview and Level Annotations

Branches:
Dungeon (11/15)            Temple (0/1) D:7            Lair (6/6) D:8
 Shoals (0/4) Lair:4       Spider (0/4) Lair:2        Sewer (visited)
  Slime: Lair:5-6       Orc: D:9-12

Altars:
Dithmenos
Gozag
Ru
Trog
Uskayaw
The Shining One

Shops:
D:5 [   D:10 *

Annotations:
D:9 1 runed translucent door, Nilihum's ghost, novice OgBe
Lair:2 1 runed translucent door, Kotami's ghost, journeyman OpFi
Lair:4 exclusion: 2 downstairs
Lair:5 exclusion: 3 oklob plants


Innate Abilities, Weirdness & Mutations

You do not eat.
Your natural rate of healing is unusually fast.
You have razor-sharp teeth.
You have supernaturally acute eyesight. (SInv)
You can survive without breathing.
You cannot study or use magical devices.
You are somewhat inexperienced. (-2 XL)
You are sensitive to extremes of temperature. (rF-, rC-)
You are partially covered in slimy green scales. (AC +2)
You are covered in fur. (AC +1)


Message History

* * * LOW HITPOINT WARNING * * *
The seven-headed hydra bites you but does no damage.
The seven-headed hydra bites you!
* * * LOW HITPOINT WARNING * * *
The seven-headed hydra bites you!
* * * LOW HITPOINT WARNING * * *
You focus your will and blind the seven-headed hydra in retribution!
The seven-headed hydra bites you!
* * * LOW HITPOINT WARNING * * *
The basilisk begins to attack, but is stunned by your will!
The water moccasin bites you.
* * * LOW HITPOINT WARNING * * *
The yak gores you.
* * * LOW HITPOINT WARNING * * *
The basilisk bites you but does no damage.
The seven-headed hydra bites you.
* * * LOW HITPOINT WARNING * * *
The seven-headed hydra bites you but does no damage.
The seven-headed hydra bites you. x2
You die...

........P.# .
P....#....## ####..
#........##......
##................
##.........<..#...
#...P......#.#.....
##...#†....F######..
#.#.#......D##.#....
#.......†..l@.......
#.......)..Y.S......
##.............P#...
#.........†......... .
..........†....##....#
##............## ...##
###............ ...#
#.........†..## ...#
#.#...%.......P.


You could see a seven-headed hydra (blind), a yak, a basilisk, a blink frog and
a water moccasin.

Vanquished Creatures
  Snorg (Lair:3)
  Josephine (Lair:6)
  4 hydras
  2 two-headed ogres (D:11)
  A cyclops (D:11)
  2 manticores (Lair:5)
  11 elephants (Lair:5)
  3 black mambas
  10 spiny frogs
  2 centaur zombies (D:11)
  5 rime drakes
  3 komodo dragons
  A queen bee (Lair:4)
  3 polar bears
  5 meliai
  7 dream sheep
  5 hippogriffs
  A snapping turtle (Lair:4)
  11 blink frogs
  A redback (Lair:2)
  5 wraiths
  A shadow (D:11)
  5 wyverns
  21 yaks
  6 basilisks
  A human (D:8)
  3 hogs (D:8)
  13 water moccasins
  An acid dragon (D:8)
  5 sky beasts
  6 ice beasts
  8 porcupines
  3 phantoms
  3 black bears
  7 orc warriors
  6 ogres
  11 crocodiles
  4 big kobolds
  13 bullfrogs
  A gnoll sergeant (D:9)
  A wyvern skeleton (D:9)
  2 scorpions
  4 wights (D:10)
  51 killer bees
  4 electric eels
  4 howler monkeys
  2 quasits
  4 crimson imps
  A bullfrog zombie (D:7)
  5 hounds
  6 orc priests
  2 jellies (D:6)
  2 bullfrog skeletons
  3 centaur skeletons
  15 orc wizards
  6 iguanas
  Terence (D:2)
  5 hell rats
  Natasha (thrice) (D:2)
  7 worker ants
  A hound zombie (D:5)
  2 hound skeletons
  A howler monkey zombie (D:8)
  6 gnolls
  16 adders
  3 river rats (Lair:5)
  3 shadow imps
  4 oozes
  2 adder skeletons
  A worm (D:3)
  4 dart slugs
  10 leopard geckos
  31 orcs
  4 ball pythons
  5 giant cockroaches
  6 goblins
  3 hobgoblins
  6 jackals
  4 quokkas
  9 bats
  6 frilled lizards
  A goblin skeleton (D:5)
  A goblin zombie (D:5)
  A jackal skeleton (D:3)
  19 kobolds
  2 kobold skeletons (D:5)
  A kobold zombie (D:5)
  2 orc skeletons (D:5)
  10 rats
  11 fungi
  11 plants
516 creatures vanquished.

Vanquished Creatures (others)
  An elephant (Lair:4)
  A meliai (Lair:5)
  A queen bee (Lair:5)
  A hippogriff (Lair:4)
  A blink frog (Lair:5)
  A bullfrog (D:7)
  3 killer bees
  An iguana (D:9)
  A gnoll (D:9)
  16 fungi
  19 plants
46 creatures vanquished.

Grand Total: 562 creatures vanquished

Notes
Turn   | Place    | Note
-------+----------+-------------------------------------------
     0 | D:1      | grindst0ne the Vampire Gladiator began the quest for the
                  | Orb.
     0 | D:1      | Reached XP level 1. HP: 16/16 MP: 1/1
    88 | D:1      | Reached XP level 2. HP: 14/22 MP: 2/2
   536 | D:2      | Noticed Terence
   550 | D:2      | Reached XP level 3. HP: 28/28 MP: 3/3
   563 | D:2      | Killed Terence
   563 | D:2      | Reached skill level 4 in Long Blades
   567 | D:2      | Reached XP level 4. HP: 14/35 MP: 4/4
   856 | D:2      | Noticed Natasha
   858 | D:2      | Killed Natasha
   905 | D:2      | Found a hide-covered altar of Uskayaw.
  1031 | D:2      | Noticed Natasha
  1042 | D:2      | Killed Natasha
  1112 | D:2      | Noticed Natasha
  1120 | D:2      | Killed Natasha
  1120 | D:2      | Reached XP level 5. HP: 32/42 MP: 5/5
  1534 | D:3      | Gained mutation: You are covered in fur. (AC +1) [potion of
                  | mutation]
  1534 | D:3      | Gained mutation: You are partially covered in slimy green
                  | scales. (AC +2) [potion of mutation]
  1613 | D:3      | Reached skill level 5 in Long Blades
  1991 | D:4      | Reached XP level 6. HP: 23/48 MP: 6/6
  2175 | D:4      | Noticed a hippogriff
  2199 | D:5      | Entered Level 5 of the Dungeon
  2232 | D:5      | Found a glowing golden altar of the Shining One.
  2303 | D:5      | Found a glowing drain.
  2365 | Sewer    | Entered a sewer
  2597 | Sewer    | Reached skill level 5 in Fighting
  2597 | Sewer    | Reached skill level 6 in Long Blades
  2600 | Sewer    | Reached XP level 7. HP: 45/56 MP: 7/7
  2817 | D:5      | Found a sacrificial altar of Ru.
  2829 | D:5      | Became a worshipper of Ru the Awakened
  2984 | D:5      | Found Buchobeo's Armour Shop.
  3379 | D:6      | Reached skill level 7 in Long Blades
  3453 | D:6      | Reached XP level 8. HP: 43/64 MP: 5/8
  3619 | D:6      | Found a bloodstained altar of Trog.
  3973 | D:6      | Reached skill level 8 in Long Blades
  4180 | D:7      | Found an opulent altar of Gozag.
  4300 | D:7      | Gained mutation: You cannot study or use magical devices.
                  | [Ru sacrifice]
  4300 | D:7      | Reached * piety under Ru
  4300 | D:7      | Reached ** piety under Ru
  4569 | D:7      | Reached XP level 9. HP: 52/74 MP: 7/9
  4583 | D:7      | Found a staircase to the Ecumenical Temple.
  4634 | D:7      | Reached skill level 9 in Long Blades
  6144 | D:8      | Reached skill level 5 in Dodging
  6260 | D:8      | Reached skill level 10 in Long Blades
  6261 | D:8      | Gained mutation: You are somewhat inexperienced. (-2 XL)
                  | [Ru sacrifice]
  6261 | D:8      | Reached XP level 8. HP: 59/71 MP: 4/8
  6261 | D:8      | Reached XP level 7. HP: 59/64 MP: 4/7
  6261 | D:8      | Reached *** piety under Ru
  6261 | D:8      | Reached **** piety under Ru
  6318 | D:8      | Reached XP level 8. HP: 71/71 MP: 8/8
  6412 | D:8      | Noticed a hippogriff
  6449 | D:8      | Killed a hippogriff
  6622 | D:8      | Reached XP level 9. HP: 77/77 MP: 7/9
  6985 | D:8      | Found a staircase to the Lair.
  7015 | Lair:1   | Entered Level 1 of the Lair of Beasts
  7017 | Lair:1   | Noticed a spiny frog
  7030 | Lair:1   | Killed a spiny frog
  7310 | D:9      | Found a shadowy altar of Dithmenos.
  7322 | D:9      | Reached skill level 10 in Fighting
  7322 | D:9      | Reached skill level 11 in Long Blades
  7447 | D:9      | Reached XP level 10. HP: 85/85 MP: 10/10
  8139 | D:9      | Found a runed translucent door.
  8141 | D:9      | Identified the cursed +1 spear "Pyzaumeti" {drain, -Tele
                  | Int+3 SInv}
  8141 | D:9      | Noticed Nilihum's ghost (novice OgBe)
  8358 | D:9      | Gained mutation: You are sensitive to extremes of
                  | temperature. (rF-, rC-) [Ru sacrifice]
  8358 | D:9      | Reached ***** piety under Ru
  8358 | D:9      | Reached ****** piety under Ru
  8660 | D:10     | Entered Level 10 of the Dungeon
  9133 | D:10     | Found Limyilee's Changing Room.
  9496 | D:11     | Noticed a two-headed ogre
  9510 | D:11     | Killed a two-headed ogre
  9844 | D:11     | Noticed a cyclops
  9850 | D:11     | Killed a cyclops
  9850 | D:11     | Reached XP level 11. HP: 77/92 MP: 8/11
 10061 | D:11     | Noticed a two-headed ogre
 10069 | D:11     | Killed a two-headed ogre
 10098 | D:11     | Noticed a red ugly thing
 10488 | Lair:1   | Reached skill level 12 in Long Blades
 11623 | Lair:2   | Reached skill level 10 in Dodging
 11633 | Lair:2   | Found a hole to the Spider Nest.
 12131 | Lair:2   | Noticed a six-headed hydra
 12172 | Lair:2   | Killed a seven-headed hydra
 12374 | Lair:2   | Noticed Kotami's ghost (journeyman OpFi)
 12376 | Lair:2   | Found a runed translucent door.
 12778 | Lair:3   | Found the +8 orange crystal plate armour {Archmagi, Int+3
                  | Clar}
 12843 | Lair:3   | Noticed a seven-headed hydra
 12849 | Lair:3   | Killed a seven-headed hydra
 13017 | Lair:3   | Noticed Snorg
 13036 | Lair:3   | Killed Snorg
 13036 | Lair:3   | Reached XP level 12. HP: 101/101 MP: 6/12
 13623 | Lair:4   | Reached skill level 13 in Long Blades
 14355 | Lair:4   | Identified a scroll of acquirement
 14566 | Lair:4   | Noticed a five-headed hydra
 14571 | Lair:4   | Killed a seven-headed hydra
 14685 | Lair:4   | Found a staircase to the Shoals.
 15827 | Lair:5   | Reached XP level 13. HP: 32/109 MP: 13/13
 16227 | Lair:5   | Reached skill level 14 in Long Blades
 16508 | Lair:5   | Reached skill level 1 in Armour
 17357 | Lair:6   | Entered Level 6 of the Lair of Beasts
 17358 | Lair:6   | Noticed Josephine
 17370 | Lair:6   | Killed Josephine
 17391 | Lair:6   | HP: 4/111 [yak (3)]
 17391 | Lair:6   | Slain by a seven-headed hydra

Levels and vault maps discovered:
D:1:      minmay_arrival_plants_in_alcoves, layout_rooms
D:2:      layout_loops_ring, marbit_many_paths, uniq_terence, uniq_natasha
D:3:      layout_loops_ring, fountainhead, minmay_misc_feat_iff
D:4:      layout_layer_cave, guppyfry_early_lair_pool
D:5:      layout_basic, nicolae_tso_besieged_by_evil, kennysheep_mini,
          first_ration, serial_aquarium, aquarium_bridge_square
          [aquarium_subvault_window, aquarium_subvault_balcony,
          aquarium_subvault_balcony, aquarium_subvault_bridge],
          aquarium_window_2, aquarium_window_corner, aquarium_window_corner,
          aquarium_window_corridor_2, aquarium_view_4, gup_sewer_entry_glass,
          serial_shops, shop
D:6:      layout_loops_cross, lemuel_crystal_altar, eino_curves_04
D:7:      layout_cave_pods, grunt_gozag_breadcrumbs, temple_green
D:8:      kennysheep_blocky_room, layout_rooms, erik_lair_dragon,
          grunt_livestock
D:9:      layout_gridville, lemuel_crystal_altar, ebering_ghost_funeral_grove
D:10:     layout_basic, nicolae_wwwww, minmay_misc_feat_rows,
          nicolae_transmutations_shop, minmay_tree_intersection
D:11:     dragon1_lemuel, layout_long_grid
Lair:1:   layout_layer_cave, beast_lair_carwin_11
Lair:2:   layout_long_grid, spider_nest_entry_webs,
          hellmonk_ghost_happy_afterlife, chequers_serial_rivers_marsh,
          serial_bayou_crossing
Lair:3:   layout_layer_cave, uniq_snorg
Lair:4:   layout_roguey, minmay_shoals_entry_hut, special_room
          [special_room_bee], grunt_megastairs_1
Lair:5:   hangedman_what_comes_after_a, layout_regular_city, minmay_holes,
          grunt_megastairs_4, serial_bayou_shore_a
Lair:6:   hangedman_lair_caniforms_friends, layout_loops_ring,
          dpeg_slime_entry_corner, minmay_lindwurm_lava,
          minmay_lair_oklob_chamber, serial_bayou_shore_b, uniq_josephine

Skill      XL: |  1  2  3  4  5  6  7  8  9 10 11 12 13 |
---------------+----------------------------------------+-----
Fighting       | 2 3 4 5 6 7 10 11 12 13 | 13.2
Long Blades    | 4 5 6 7 8 11 12 13 14 | 14.3
Dodging        | 6 7 9 10 12 13 | 13.1
Armour         | 3 |  3.7
Throwing       | |  1.5

Action                   |  1- 3 |  4- 6 |  7- 9 | 10-12 | 13-15 || total
-------------------------+-------+-------+-------+-------+-------++-------
Melee: Long sword        |    60 |   270 |   780 |    75 |       ||  1185
       Bite              |     7 |    23 |   114 |   105 |    24 ||   273
       Great sword       |       |       |       |   577 |   195 ||   772
Invok: Sacrifice Experie |       |       |     1 |       |       ||     1
       Sacrifice Artific |       |       |     1 |       |       ||     1
       Draw Out Power    |       |       |       |     2 |     1 ||     3
       Power Leap        |       |       |       |     1 |       ||     1
       Sacrifice Resista |       |       |       |     1 |       ||     1
       Apocalypse        |       |       |       |     8 |     3 ||    11
Evoke: Wand              |       |       |     5 |       |       ||     5
  Use: Scroll            |       |     5 |     1 |    14 |     2 ||    22
       Potion            |       |     4 |     9 |     8 |     1 ||    22
 Stab: Distracted        |       |       |     1 |     2 |     4 ||     7
       Petrified         |       |       |     7 |       |       ||     7
       Invisible         |       |       |     3 |    12 |     5 ||    20
       Petrifying        |       |       |     1 |       |       ||     1
       Paralysed         |       |       |       |    19 |     3 ||    22
Armor: Leather armour    |     1 |       |       |       |       ||     1
       Scale mail        |    18 |   190 |    64 |       |       ||   272
       Chain mail        |       |       |   333 |   401 |   159 ||   893
       Skin              |       |       |    35 |       |       ||    35
Dodge: Dodged            |    35 |   204 |   373 |   478 |   171 ||  1261
       Rpst.: Long sword |    14 |    61 |   120 |    10 |       ||   205
       Great sword       |       |       |       |   111 |    45 ||   156
